Warning! The script has encountered some errors when parsing the replay. Please report them to the . » details
0x00, prev: 0x16: 16 02 01 00 6D 71 00 00 BF 7D 00 00 [00] 00 00 00 00 00 00 00 00 00 00 00 00 00 00 00 00 00 00 00 00 00 00 00 00 00 05 1F 00 12 18 00 03 00 0D 00 FF FF FF FF FF FF FF FF 8A 83 12 C5 C0 00 DC C5 FF FF FF FF FF FF FF FF
0x00, prev: 0x00: 16 02 01 00 6D 71 00 00 BF 7D 00 00 00 00 00 00 00 00 00 00 00 00 00 00 00 00 00 00 00 00 00 00 00 00 00 00 [00] 00 05 1F 00 12 18 00 03 00 0D 00 FF FF FF FF FF FF FF FF 8A 83 12 C5 C0 00 DC C5 FF FF FF FF FF FF FF FF
0x00, prev: 0x04: 16 02 09 00 5B 7D 00 00 2A 43 03 00 01 18 00 00 22 F5 00 00 05 10 00 00 0C 24 05 00 6D 64 00 00 DD 3A 02 00 0A 67 00 00 84 79 04 00 D1 6B 00 00 8A DD 00 00 42 73 00 00 83 C6 00 00 69 74 00 00 CF FB 00 00 31 7C 00 00 65 0B 02 00 00 00 00 00 00 00 00 00 00 00 00 00 00 00 00 00 00 00 00 00 00 00 00 00 04 [00]
0x00, prev: 0x05: 16 02 01 00 4B 66 00 00 ED 8F 00 00 00 00 00 00 00 00 00 00 00 00 00 00 00 00 00 00 00 00 00 00 00 00 00 00 05 [00] 05 1F 00 12 18 00 03 00 0D 00 FF FF FF FF FF FF FF FF 38 C0 D9 C4 C8 74 91 C4 EA 6F 00 00 FE BA 0B 00 02 2E 00 16 02 02 00 EA 6F 00 00 FE BA 0B 00 93 84 00 00 2B BB 0B 00 16 01 01 00 8C 73 00 00 33 3C 04 00 1A 19 6E 6F 62 75 8C 73 00 00 33 3C 04 00
0x0B, prev: 0x00: 16 02 01 00 14 63 00 00 39 02 05 00 00 00 00 00 00 00 00 00 00 00 00 00 00 00 00 00 00 00 00 00 00 00 00 00 [0B] 00
0x0A, prev: 0x00: 16 02 04 00 76 62 00 00 10 EC 04 00 7B 66 00 00 33 92 00 00 A1 77 00 00 A7 77 00 00 C2 7D 00 00 04 9E 05 00 00 00 00 00 00 00 00 00 00 00 00 00 00 00 00 00 00 00 00 00 00 00 00 00 [0A] 00
0x0D, prev: 0x00: 16 02 05 00 01 18 00 00 22 F5 00 00 0B 17 00 00 97 82 0C 00 FC 59 00 00 E0 2C 0E 00 0F 6C 00 00 38 C6 0B 00 FA 80 00 00 2D F1 0D 00 00 00 00 00 00 00 00 00 00 00 00 00 00 00 00 00 00 00 00 00 00 00 00 00 [0D] 00
0x0C, prev: 0x00: 16 02 01 00 41 60 00 00 87 7A 14 00 00 00 00 00 00 00 00 00 00 00 00 00 00 00 00 00 00 00 00 00 00 00 00 00 [0C] 00
General information
- name: BNet
- type: Ladder team game (AT/RT)
- host: Battle.net
- saver: fineX
map: Monsoon
- players: 6
- length: 59:29
- speed: Fast
- version: 1.23 W3XP
- replay type: Public
» download(318 KB)
Players
team 1 (winner)
fineX (
pink | 74 APM | 4414 actions | 59:29)
10 Blademaster
3 Wind Walk
3 Critical Strike
1 Bladestorm
3 Mirror Image
» actions
| Assign group hotkey | 129 | |
| Basic commands | 7 | |
| Build / train | 107 | |
| Enter build submenu | 62 | |
| Enter hero's abilities submenu | 10 | |
| Give item / drop item | 14 | |
| Remove unit from queue | 1 | |
| Right click | 2859 | |
| Select / deselect | 412 | |
| Select group hotkey | 429 | |
| Use ability | 382 | |
4414 total
» units
» upgrades
| Ranged Weapons | 3 | |
| Liquid Fire | 1 | |
4 total
» buildings
| Altar of Storms | 3 | |
| Orc Burrow | 9 | |
| War Mill | 1 | |
| Watch Tower | 27 | |
| Stronghold | 3 | |
| Voodoo Lounge | 3 | |
| Beastiary | 4 | |
| Great Hall | 3 | |
| Fortress | 1 | |
54 total
» build order
00:03 Altar of Storms
00:05 Orc Burrow
00:36 War Mill
01:52 Watch Tower
02:06 Watch Tower
02:34 Watch Tower
02:49 Watch Tower
03:10 Watch Tower
03:30 Stronghold
03:30 Stronghold
03:42 Watch Tower
04:17 Voodoo Lounge
04:54 Watch Tower
05:08 Watch Tower
05:43 Watch Tower
05:59 Watch Tower
06:11 Orc Burrow
06:17 Watch Tower
07:25 Watch Tower
07:26 Watch Tower
07:39 Watch Tower
08:00 Beastiary
08:08 Beastiary
08:29 Great Hall
08:35 Watch Tower
09:09 Orc Burrow
09:11 Orc Burrow
11:27 Fortress
12:14 Voodoo Lounge
13:56 Voodoo Lounge
14:44 Watch Tower
14:45 Watch Tower
15:21 Watch Tower
15:24 Watch Tower
16:41 Watch Tower
16:45 Watch Tower
16:53 Watch Tower
16:55 Watch Tower
17:21 Watch Tower
17:21 Watch Tower
17:50 Watch Tower
17:50 Watch Tower
19:39 Altar of Storms
19:42 Orc Burrow
19:48 Altar of Storms
19:50 Orc Burrow
27:05 Great Hall
39:30 Stronghold
42:44 Beastiary
42:50 Beastiary
43:57 Orc Burrow
44:05 Orc Burrow
45:02 Orc Burrow
59:27 Great Hall
» items
| Healing Salve | 4 | |
| Lesser Clarity Potion | 10 | |
| Orb of Lightning | 1 | |
| Boots of Speed | 2 | |
| Staff of Teleportation | 1 | |
| Potion of Mana | 6 | |
| Potion of Healing | 8 | |
| Scroll of Regeneration | 1 | |
| Scroll of Town Portal | 2 | |
35 total
lil_dog (
teal | 44 APM | 2587 actions | 59:27)
8 Archmage
3 Blizzard
3 Brilliance Aura
1 Mass Teleport
1 Summon Water Elemental
» actions
| Assign group hotkey | 44 | |
| Basic commands | 10 | |
| Build / train | 158 | |
| Enter build submenu | 100 | |
| Enter hero's abilities submenu | 7 | |
| Give item / drop item | 4 | |
| Right click | 1164 | |
| Select / deselect | 698 | |
| Select group hotkey | 38 | |
| Use ability | 359 | |
2587 total
» units
| Peasant | 32 | |
| Sorceress | 2 | |
| Priest | 1 | |
| Dragonhawk Rider | 25 | |
| Mortar Team | 2 | |
62 total
» upgrades
| Masonry | 3 | |
| Lumber Harvesting | 2 | |
| Magic Sentry | 1 | |
| Sorceress Training | 1 | |
| Priest Training | 1 | |
| Swords | 2 | |
| Armor | 2 | |
| Animal War Training | 1 | |
| Cloud | 1 | |
| Backpack | 1 | |
15 total
» buildings
| Altar of Kings | 1 | |
| Farm | 26 | |
| Lumber Mill | 3 | |
| Scout Tower | 81 | |
| Arcane Tower | 10 | |
| Guard Tower | 34 | |
| Arcane Vault | 1 | |
| Keep | 1 | |
| Blacksmith | 1 | |
| Town Hall | 3 | |
| Gryphon Aviary | 2 | |
| Arcane Sanctum | 2 | |
| Castle | 1 | |
| Barracks | 1 | |
| Workshop | 1 | |
168 total
» build order
00:15 Altar of Kings
00:20 Farm
00:22 Farm
00:36 Lumber Mill
01:43 Scout Tower
01:55 Scout Tower
02:01 Arcane Tower
02:06 Scout Tower
02:21 Guard Tower
02:24 Scout Tower
02:32 Scout Tower
02:39 Scout Tower
02:48 Guard Tower
03:14 Guard Tower
03:17 Scout Tower
03:18 Scout Tower
04:05 Guard Tower
04:33 Scout Tower
04:34 Scout Tower
04:36 Arcane Vault
05:08 Arcane Tower
05:11 Scout Tower
05:12 Scout Tower
05:12 Scout Tower
05:13 Scout Tower
05:58 Keep
06:00 Scout Tower
06:01 Arcane Tower
06:13 Farm
06:13 Farm
06:20 Blacksmith
06:38 Guard Tower
06:38 Guard Tower
06:39 Guard Tower
07:42 Town Hall
07:50 Scout Tower
07:53 Scout Tower
07:54 Scout Tower
07:55 Scout Tower
08:02 Arcane Tower
08:23 Guard Tower
08:46 Guard Tower
08:47 Scout Tower
09:29 Guard Tower
09:31 Guard Tower
10:03 Guard Tower
10:22 Scout Tower
10:25 Scout Tower
10:35 Gryphon Aviary
10:50 Arcane Sanctum
11:04 Lumber Mill
11:19 Guard Tower
11:20 Arcane Tower
14:02 Castle
14:28 Barracks
14:54 Arcane Tower
18:10 Farm
19:37 Scout Tower
19:39 Scout Tower
19:40 Scout Tower
19:51 Scout Tower
19:52 Scout Tower
19:53 Scout Tower
19:53 Scout Tower
19:54 Scout Tower
21:02 Scout Tower
21:14 Guard Tower
21:36 Guard Tower
21:38 Scout Tower
21:39 Scout Tower
23:30 Guard Tower
23:35 Town Hall
23:45 Arcane Sanctum
23:50 Gryphon Aviary
23:53 Workshop
25:17 Scout Tower
25:19 Scout Tower
25:19 Scout Tower
25:20 Scout Tower
25:45 Scout Tower
25:47 Scout Tower
25:50 Scout Tower
25:54 Guard Tower
25:54 Guard Tower
25:57 Scout Tower
25:59 Scout Tower
26:01 Guard Tower
26:08 Scout Tower
27:04 Scout Tower
27:06 Scout Tower
27:12 Guard Tower
27:22 Scout Tower
27:25 Scout Tower
27:29 Scout Tower
27:37 Guard Tower
27:41 Guard Tower
27:50 Guard Tower
27:55 Scout Tower
28:03 Scout Tower
28:04 Scout Tower
28:05 Scout Tower
28:16 Guard Tower
28:20 Scout Tower
28:20 Scout Tower
28:25 Scout Tower
28:26 Scout Tower
28:27 Guard Tower
28:29 Guard Tower
28:33 Town Hall
28:35 Guard Tower
28:36 Scout Tower
28:37 Scout Tower
28:38 Scout Tower
28:49 Scout Tower
28:52 Scout Tower
29:06 Guard Tower
29:11 Scout Tower
29:12 Scout Tower
29:13 Scout Tower
29:14 Scout Tower
29:32 Guard Tower
29:36 Guard Tower
29:39 Scout Tower
29:40 Guard Tower
29:49 Arcane Tower
29:51 Scout Tower
29:56 Scout Tower
29:58 Scout Tower
30:01 Scout Tower
31:10 Guard Tower
31:15 Lumber Mill
31:19 Scout Tower
31:20 Scout Tower
31:21 Scout Tower
31:22 Scout Tower
31:52 Arcane Tower
33:12 Guard Tower
34:46 Scout Tower
34:55 Scout Tower
36:00 Guard Tower
36:04 Scout Tower
44:58 Arcane Tower
47:05 Scout Tower
47:07 Scout Tower
47:08 Scout Tower
47:09 Scout Tower
48:17 Arcane Tower
57:45 Farm
57:47 Farm
57:48 Farm
57:53 Farm
58:24 Farm
58:25 Farm
58:26 Farm
58:27 Farm
58:28 Farm
58:28 Farm
58:48 Farm
58:57 Farm
58:58 Farm
59:00 Farm
59:15 Farm
59:17 Farm
59:20 Farm
59:22 Farm
59:23 Farm
59:23 Farm
59:24 Farm
» items
| Boots of Speed | 1 | |
| Staff of Teleportation | 1 | |
| Healing Salve | 4 | |
| Potion of Healing | 4 | |
| Lesser Clarity Potion | 1 | |
| Mechanical Critter | 2 | |
| Potion of Invisibility | 1 | |
| Scroll of Town Portal | 6 | |
| Ivory Tower | 1 | |
| Orb of Lightning | 1 | |
| Potion of Lesser Invulnerability | 3 | |
| Potion of Mana | 1 | |
26 total
lil_mikey (
orange | 61 APM | 3604 actions | 59:27)
10 Mountain King
3 Storm Bolt
3 Bash
1 Avatar
3 Thunder Clap
10 Paladin
3 Holy Light
3 Divine Shield
3 Devotion Aura
1 Resurrection
» actions
| Assign group hotkey | 27 | |
| Basic commands | 6 | |
| Build / train | 182 | |
| Enter build submenu | 70 | |
| Enter hero's abilities submenu | 21 | |
| Give item / drop item | 8 | |
| Right click | 1723 | |
| Select / deselect | 1086 | |
| Select group hotkey | 13 | |
| Use ability | 467 | |
3604 total
» units
| Peasant | 28 | |
| Priest | 1 | |
| Sorceress | 1 | |
| Dragonhawk Rider | 23 | |
53 total
» upgrades
| Masonry | 3 | |
| Lumber Harvesting | 2 | |
| Magic Sentry | 1 | |
| Swords | 3 | |
| Armor | 3 | |
| Gunpowder | 1 | |
| Plating | 1 | |
| Flying Machine Bombs | 1 | |
| Flare | 1 | |
| Barrage | 1 | |
| Fragmentation Shards | 1 | |
| Flak Cannons | 1 | |
| Sorceress Training | 2 | |
| Priest Training | 2 | |
| Cloud | 1 | |
24 total
» buildings
| Altar of Kings | 1 | |
| Farm | 5 | |
| Lumber Mill | 4 | |
| Scout Tower | 77 | |
| Guard Tower | 42 | |
| Town Hall | 2 | |
| Keep | 1 | |
| Blacksmith | 1 | |
| Arcane Sanctum | 1 | |
| Castle | 1 | |
| Workshop | 1 | |
| Arcane Tower | 2 | |
| Arcane Vault | 1 | |
| Gryphon Aviary | 2 | |
| Barracks | 1 | |
142 total
» build order
00:09 Altar of Kings
00:24 Farm
00:39 Lumber Mill
01:10 Farm
01:44 Scout Tower
01:53 Scout Tower
02:12 Guard Tower
02:15 Scout Tower
02:39 Guard Tower
02:47 Guard Tower
02:47 Guard Tower
02:49 Scout Tower
03:34 Farm
03:48 Town Hall
04:26 Guard Tower
04:36 Scout Tower
04:37 Scout Tower
04:38 Scout Tower
04:38 Scout Tower
05:46 Guard Tower
05:51 Keep
06:22 Guard Tower
06:39 Guard Tower
06:42 Scout Tower
06:44 Scout Tower
07:41 Guard Tower
07:43 Scout Tower
07:44 Scout Tower
08:09 Blacksmith
08:14 Guard Tower
08:21 Scout Tower
08:22 Scout Tower
08:23 Scout Tower
08:25 Scout Tower
09:06 Guard Tower
09:07 Scout Tower
09:08 Scout Tower
09:09 Scout Tower
09:10 Scout Tower
09:39 Arcane Sanctum
10:21 Guard Tower
10:28 Guard Tower
10:48 Castle
10:55 Workshop
10:58 Guard Tower
12:06 Scout Tower
12:07 Scout Tower
12:09 Scout Tower
12:10 Scout Tower
12:13 Scout Tower
12:14 Scout Tower
12:14 Scout Tower
12:15 Scout Tower
12:18 Scout Tower
14:00 Arcane Tower
14:01 Guard Tower
14:02 Guard Tower
15:00 Arcane Vault
15:26 Arcane Tower
15:28 Guard Tower
16:45 Guard Tower
16:45 Guard Tower
16:45 Guard Tower
16:54 Lumber Mill
16:56 Guard Tower
16:57 Guard Tower
19:17 Gryphon Aviary
19:31 Gryphon Aviary
19:45 Farm
19:46 Farm
20:15 Scout Tower
20:17 Scout Tower
20:19 Scout Tower
20:21 Scout Tower
20:48 Barracks
21:24 Scout Tower
23:34 Guard Tower
23:39 Guard Tower
23:42 Guard Tower
25:57 Guard Tower
26:14 Lumber Mill
27:08 Scout Tower
27:09 Scout Tower
27:10 Scout Tower
27:16 Scout Tower
27:17 Scout Tower
27:18 Scout Tower
27:18 Scout Tower
27:21 Guard Tower
28:18 Guard Tower
28:20 Scout Tower
28:40 Scout Tower
28:41 Guard Tower
29:39 Scout Tower
29:40 Scout Tower
29:41 Scout Tower
29:42 Scout Tower
30:46 Scout Tower
30:47 Scout Tower
31:16 Guard Tower
32:12 Guard Tower
32:13 Scout Tower
32:39 Scout Tower
32:40 Guard Tower
32:55 Scout Tower
34:50 Guard Tower
34:54 Scout Tower
34:55 Scout Tower
35:59 Guard Tower
36:01 Scout Tower
36:02 Scout Tower
36:08 Scout Tower
36:22 Scout Tower
37:14 Guard Tower
37:28 Guard Tower
38:06 Scout Tower
38:08 Scout Tower
38:09 Scout Tower
39:18 Guard Tower
39:35 Guard Tower
39:45 Scout Tower
39:46 Scout Tower
39:47 Scout Tower
39:48 Scout Tower
43:42 Scout Tower
43:43 Scout Tower
43:44 Scout Tower
43:45 Scout Tower
43:47 Scout Tower
43:47 Scout Tower
43:48 Scout Tower
43:49 Scout Tower
43:51 Scout Tower
43:52 Scout Tower
43:53 Scout Tower
43:54 Scout Tower
44:52 Guard Tower
45:11 Town Hall
45:35 Guard Tower
46:13 Guard Tower
46:16 Lumber Mill
» items
| Boots of Speed | 2 | |
| Staff of Teleportation | 3 | |
| Lesser Clarity Potion | 10 | |
| Potion of Mana | 3 | |
| Scroll of Regeneration | 2 | |
| Healing Salve | 2 | |
| Orb of Lightning | 1 | |
| Scroll of Speed | 1 | |
| Ivory Tower | 6 | |
| Orb of Fire | 1 | |
| Staff of Sanctuary | 1 | |
| Periapt of Vitality | 1 | |
33 total
team 2 (loser)
KAPITAO_ANAL (
purple | 41 APM | 2433 actions | 58:50)
8 Crypt Lord
2 Carrion Beetles
3 Spiked Carapace
2 Impale
1 Locust Swarm
4 Dark Ranger
2 Silence
2 Black Arrow
» actions
| Basic commands | 1 | |
| Build / train | 110 | |
| Enter build submenu | 19 | |
| Enter hero's abilities submenu | 12 | |
| Right click | 1310 | |
| Select / deselect | 917 | |
| Use ability | 64 | |
2433 total
» units
| Acolyte | 27 | |
| Ghoul | 4 | |
| Crypt Fiend | 28 | |
| Frost Wyrm | 18 | |
| Gargoyle | 1 | |
| Obsidian Statue | 3 | |
| Meatwagon | 3 | |
84 total
» upgrades
| Creature Attack | 3 | |
| Creature Carapace | 4 | |
| Web | 1 | |
| Freezing Breath | 1 | |
9 total
» buildings
| Altar of Darkness | 1 | |
| Crypt | 1 | |
| Ziggurat | 9 | |
| Graveyard | 1 | |
| Nerubian Tower | 1 | |
| Halls of the Dead | 1 | |
| Black Citadel | 1 | |
| Sacrificial Pit | 1 | |
| Boneyard | 3 | |
| Tomb of Relics | 1 | |
| Slaughterhouse | 1 | |
21 total
» build order
00:12 Altar of Darkness
00:18 Crypt
00:34 Ziggurat
00:58 Graveyard
01:14 Ziggurat
01:48 Nerubian Tower
03:17 Halls of the Dead
04:38 Ziggurat
06:12 Black Citadel
07:41 Sacrificial Pit
08:48 Boneyard
08:49 Boneyard
09:28 Boneyard
10:46 Ziggurat
10:46 Ziggurat
10:48 Ziggurat
11:44 Ziggurat
20:48 Ziggurat
21:26 Ziggurat
30:44 Tomb of Relics
30:49 Slaughterhouse
Leandro0001 (
blue | 38 APM | 2244 actions | 59:26)
6 Mountain King
3 Storm Bolt
2 Bash
1 Avatar
5 Paladin
1 Holy Light
1 Divine Shield
3 Devotion Aura
» actions
| Assign group hotkey | 73 | |
| Basic commands | 5 | |
| Build / train | 144 | |
| Enter build submenu | 40 | |
| Enter hero's abilities submenu | 11 | |
| Give item / drop item | 2 | |
| Remove unit from queue | 8 | |
| Right click | 653 | |
| Select / deselect | 609 | |
| Select group hotkey | 603 | |
| Use ability | 96 | |
2244 total
» units
| Peasant | 27 | |
| Footman | 7 | |
| Gryphon Rider | 21 | |
| Siege Engine | 24 | |
| Mortar Team | 4 | |
| Knight | 5 | |
88 total
» upgrades
| Lumber Harvesting | 2 | |
| Gunpowder | 3 | |
| Storm Hammers | 1 | |
| Armor | 3 | |
| Masonry | 3 | |
| Swords | 3 | |
| Barrage | 1 | |
| Animal War Training | 1 | |
17 total
» buildings
| Barracks | 1 | |
| Altar of Kings | 1 | |
| Farm | 15 | |
| Scout Tower | 15 | |
| Arcane Tower | 1 | |
| Lumber Mill | 1 | |
| Keep | 1 | |
| Castle | 1 | |
| Blacksmith | 1 | |
| Gryphon Aviary | 1 | |
| Workshop | 1 | |
| Guard Tower | 12 | |
| Town Hall | 1 | |
| Cannon Tower | 2 | |
54 total
» build order
00:10 Barracks
00:16 Altar of Kings
00:32 Farm
01:01 Farm
01:38 Scout Tower
01:55 Farm
02:10 Arcane Tower
03:24 Lumber Mill
03:51 Keep
05:29 Farm
06:33 Castle
06:38 Blacksmith
07:42 Gryphon Aviary
07:49 Farm
08:46 Workshop
09:18 Farm
10:40 Farm
11:27 Farm
12:08 Farm
13:12 Farm
14:07 Scout Tower
14:39 Guard Tower
14:43 Scout Tower
15:11 Guard Tower
15:13 Farm
15:59 Farm
16:54 Farm
19:20 Farm
20:30 Scout Tower
21:13 Guard Tower
21:16 Farm
26:25 Town Hall
26:28 Scout Tower
27:08 Guard Tower
27:24 Scout Tower
27:37 Scout Tower
28:04 Guard Tower
28:05 Guard Tower
28:08 Scout Tower
28:25 Scout Tower
28:41 Guard Tower
28:43 Scout Tower
29:16 Guard Tower
29:17 Guard Tower
29:19 Scout Tower
29:21 Scout Tower
29:53 Cannon Tower
30:12 Guard Tower
38:02 Scout Tower
39:40 Guard Tower
39:43 Scout Tower
40:34 Cannon Tower
40:36 Scout Tower
42:41 Guard Tower
» items
Mo0sk1tooO (
green | 34 APM | 2003 actions | 59:23)
10 Demon Hunter
3 Mana Burn
3 Evasion
1 Metamorphosis
3 Immolation
» actions
| Build / train | 189 | |
| ESC pressed | 1 | |
| Enter build submenu | 24 | |
| Enter hero's abilities submenu | 10 | |
| Give item / drop item | 4 | |
| Remove unit from queue | 2 | |
| Right click | 1156 | |
| Select / deselect | 534 | |
| Use ability | 83 | |
2003 total
» units
| Wisp | 36 | |
| Archer | 20 | |
| Hippogryph | 63 | |
| Ogre Magi | 2 | |
| Chimaera | 23 | |
144 total
» upgrades
| Hippogryph Taming | 1 | |
| Strength of the Wild | 3 | |
| Reinforced Hides | 3 | |
| Corrosive Breath | 1 | |
| Ultravision | 1 | |
| Well Spring | 1 | |
| Improved Bows | 1 | |
| Marksmanship | 1 | |
| Strength of the Moon | 3 | |
| Moon Armor | 3 | |
18 total
» buildings
| Altar of Elders | 1 | |
| Moon Well | 7 | |
| Ancient of War | 1 | |
| Tree of Ages | 1 | |
| Hunter's Hall | 1 | |
| Tree of Life | 3 | |
| Ancient of Wind | 2 | |
| Tree of Eternity | 1 | |
| Chimaera Roost | 2 | |
| Ancient Protector | 4 | |
| Ancient of Wonders | 1 | |
24 total
» build order
00:05 Altar of Elders
00:06 Moon Well
00:26 Ancient of War
01:48 Moon Well
02:06 Moon Well
03:05 Tree of Ages
03:46 Hunter's Hall
04:01 Moon Well
04:56 Tree of Life
05:50 Ancient of Wind
05:53 Ancient of Wind
07:27 Tree of Eternity
09:21 Moon Well
10:29 Chimaera Roost
10:31 Chimaera Roost
12:41 Moon Well
12:42 Moon Well
12:59 Tree of Life
36:05 Ancient Protector
36:09 Ancient Protector
36:15 Ancient Protector
36:21 Ancient Protector
49:47 Ancient of Wonders
56:46 Tree of Life
» items
| Orb of Venom | 1 | |
| Potion of Healing | 2 | |
| Staff of Preservation | 1 | |
| Potion of Lesser Invulnerability | 1 | |
5 total
Chat log
(00:08 / All) lil_dog: bonne chance!
(00:14 / All) lil_mikey: hello
(00:18 / All) lil_mikey: welcome to the game
(00:19 / All) fineX: eat nigr but
(00:20 / All) lil_mikey: I like pie
(11:07 / All) Mo0sk1tooO: o.O
(11:12 / All) lil_dog: O.o
(11:32 / All) lil_dog: do u guys ever wonder why u eve nwake up in the morning
(11:39 / All) fineX: why ur dick is hard
(11:49 / All) Mo0sk1tooO: ?
(20:45 / All) Mo0sk1tooO: o.O
(20:48 / All) lil_dog: O.o
(22:27 / All) Mo0sk1tooO: Gg
(22:31 / All) lil_dog: gg
(26:20 / All) Mo0sk1tooO: o.O
(26:58 / All) Mo0sk1tooO: o.O
(30:38 / All) Mo0sk1tooO: plx stop
(30:41 / All) Mo0sk1tooO: mass tower*
(30:46 / All) fineX: eat a nigr but
(41:00 / All) fineX: GG
(41:06 / All) Mo0sk1tooO: gg
(41:07 / All) lil_dog: GG
(41:13 / All) Mo0sk1tooO: just leaver?
(41:19 / All) lil_dog: GG
(48:42 / All) fineX: 2ez
(48:49 / All) Mo0sk1tooO: roped
(48:49 / All) Mo0sk1tooO: roped
(48:51 / All) fineX: eat a nigr but
(48:51 / All) lil_dog: U lose lol
(48:52 / All) Mo0sk1tooO: Droepd
(49:07 / All) Mo0sk1tooO: Droped
(49:08 / All) Mo0sk1tooO: Droped
(49:10 / All) Mo0sk1tooO: roped
(49:17 / All) Mo0sk1tooO: roped
(49:18 / All) Mo0sk1tooO: roped
(49:19 / All) Mo0sk1tooO: roped
(49:20 / All) Mo0sk1tooO: Droepd
(49:34 / Allies) fineX: sadjhs'
(49:36 / All) Mo0sk1tooO: Droped
(49:37 / All) Mo0sk1tooO: roped
(49:38 / All) Mo0sk1tooO: roped
(49:39 / All) Mo0sk1tooO: roepd
(49:40 / All) Mo0sk1tooO: roped
(49:42 / Allies) fineX: suhdas
(49:43 / Allies) fineX: fshas
(49:44 / Allies) fineX: dfh
(49:44 / All) Mo0sk1tooO: Droped
(52:05 / All) fineX: G
(52:06 / All) fineX: G
(52:06 / All) fineX: G
(52:07 / All) fineX: G
(52:08 / All) fineX: G
(52:20 / All) Mo0sk1tooO: need win mas sorry
(52:34 / All) lil_dog: U lose lol
(52:37 / All) lil_dog: Dont be sore looser
(52:39 / All) fineX: lol u lost
(52:42 / All) fineX: lost gaem lol
(53:28 / All) lil_dog: Gg
(53:31 / All) fineX: base dudes ur killin
(53:52 / All) lil_dog: Whats it like to loose
(53:55 / All) fineX: ya
(53:58 / All) fineX: what it like lose?????????????
(54:09 / All) lil_dog: ?
(54:14 / All) lil_dog: I dunno what its like tell me
(54:15 / All) fineX: i would not know... i have never lost...
(54:30 / All) lil_dog: Ive been winner my hole life
(54:34 / All) fineX: me 3
(57:41 / All) fineX: sore but loser?
(57:50 / All) Mo0sk1tooO: plx give me win?
(58:01 / All) lil_mikey: no lol
(58:07 / All) fineX: plx make my dick wet with u saliva